 Dungeon Sprint DCSS version 0.26.1-2-gb8aa6d0cf2 (webtiles) character file.

Game seed: 9556678674782745260

2477 Groucho the Imperceptible (level 9, -6/39 HPs)
             Began as a Spriggan Enchanter on Feb 17, 2021.
             Was an Initiate of Gozag.
             Mangled by a hornet (11 damage)
             ... while paralysed by a hornet
             ... in the Dungeon (Sprint I: "Red Sonja").
             The game lasted 00:01:50 (958 turns).

Groucho the Imperceptible (Spriggan Enchanter)       Turns: 958, Time: 00:01:51

Health: -6/39      AC:  2    Str:  6    XL:     9   Next: 27%
Magic:  22/26      EV:  4    Int: 17    God:    Gozag
Gold:   963        SH:  0    Dex: 17    Spells: 30/33 levels left

rFire    . . .     SeeInvis +   a - +1 dagger
rCold    . . .     Faith    .   (shield restricted)
rNeg     . . .     Spirit   .   b - +0 robe
rPois    .         Reflect  .   (helmet restricted)
rElec    .         Harm     .   (no cloak)
rCorr    .         Rampage  .   (gloves unavailable)
Will     +....     NoTele   +   (boots unavailable)
Stlth    ++++++++..             (no amulet)
HPRegen  0.13/turn              (no ring)
MPRegen  0.20/turn              (no ring)

@: paralysed, gold aura, slowed, very quick
A: very small, unfitting armour, see invisible, speed 3
a: Renounce Religion, Potion Petition, Call Merchant, Bribe Branch


You were in the Dungeon.
You worshipped Gozag.
Gozag was pleased with you.
You visited 1 branch You collected 963 gold pieces.

Inventory:

Hand Weapons
 a - a +1 dagger (weapon)
 k - a +1 short sword of venom
Missiles
 c - 7 boomerangs (quivered)
 l - 9 curare-tipped darts
Armour
 b - a +0 robe (worn)
Potions
 d - a potion of curing
 e - a potion of heal wounds
 f - a potion of haste
 g - 2 potions of magic
 h - a potion of might {unknown}
 j - a potion of cancellation {unknown}


   Skills:
 - Level 1.1 Short Blades
 - Level 3.0 Dodging
 * Level 21.1 Stealth
 + Level 12.7 Spellcasting
 + Level 12.9 Hexes


You had 30 spell levels left.
You knew the following spells:

 Your Spells              Type           Power        Failure   Level
a - Corona                Hex            58%          1%          1
b - Ensorcelled Hibernat  Hex/Ice        64%          1%          2

Your spell library contained the following spells:

 Spells                   Type           Power        Failure   Level
 Confusing Touch          Hex            53%          1%          3
 Dazzling Flash           Conj/Hex       64%          1%          3
 Tukima's Dance           Hex            53%          1%          3


Dungeon Overview and Level Annotations

Branches:
Dungeon (1/1)

Altars:
Cheibriados
Dithmenos
Elyvilon
Fedhas
Gozag
Hepliaklqana
Kikubaaqudgha
Makhleb
Nemelex Xobeh
Okawaru
Qazlal
Ru
Sif Muna
Trog
Uskayaw
Vehumet
Wu Jian
Xom
Yredelemnul
Zin
The Shining One
Jiyva
Lugonu

Shops:
D }


Innate Abilities, Weirdness & Mutations

You are very small and have problems with some larger weapons.
You are too small for most types of armour.
You have supernaturally acute eyesight. (SInv)
You cover ground extremely quickly.


Message History

Aim: a hornet (purple smoke, chance to affect: 51%)
The hornet resists with some effort.
The hornet misses you. The hornet stings you!
You feel yourself slow down.
Casting: Ensorcelled Hibernation (safe; 1% risk of failure)
Confirm with . or Enter, or press ? or * to list all spells.
Aiming: Ensorcelled Hibernation (safe; 1% risk of failure)
Press: ? - help, Shift-Dir - straight line, f/p - hornet
Aim: a hornet (chance to affect: 51%)
The hornet resists with some effort.
You feel yourself speed up. The hornet stings you!
You suddenly lose the ability to move!
The hornet stings you!
* * * LOW HITPOINT WARNING * * *
You feel yourself slow down. The hornet stings you.
* * * LOW HITPOINT WARNING * * *
You feel as though you will be slow longer.
The hornet stings you!
You die...
Your body crumbles into a pile of gold.

################
'..#.)'..#__#..+ $$
#..'..#..'..'..# $
##'#####'#__#### $
#..#...#.####§(####
$ $
####..##.#§§≈§§#§§#
$
___##'#_.'≈§§.§§@y#
$
∩..†'..._#§≈§.§#§§#
$$$
.__##_.#'##+#####+#
___###'#.# $
######.### $
+...+$$ $$ $$ #...#
$ $$ $ $ ##.##


$$$$$$$$$ $#+#$ $ $$$$$$$$$ You could see a hornet.

Vanquished Creatures
  2 centaur warriors (D)
  Sonja (D)
  A slime creature (D)
  Sigmund (D)
  A yak (D)
  An ogre (D)
  A jelly (D)
  Ijyb (D)
9 creatures vanquished.

Notes
Turn   | Place    | Note
-------+----------+-------------------------------------------
     0 | D        | Groucho the Spriggan Enchanter began the quest for the Orb.
     0 | D        | Reached XP level 1. HP: 9/9 MP: 5/5
     2 | D        | Noticed Ijyb
    11 | D        | Killed Ijyb
    12 | D        | Reached skill level 7 in Stealth
    12 | D        | Reached skill level 5 in Hexes
    12 | D        | Reached XP level 2. HP: 13/13 MP: 6/8
   175 | D        | Noticed an ogre
   189 | D        | Learned a level 2 spell: Ensorcelled Hibernation
   191 | D        | Killed an ogre
   192 | D        | Reached skill level 11 in Stealth
   192 | D        | Reached XP level 3. HP: 16/16 MP: 4/11
   192 | D        | Reached XP level 4. HP: 21/21 MP: 4/13
   528 | D        | Noticed Sigmund
   530 | D        | Killed Sigmund
   531 | D        | Reached skill level 13 in Stealth
   531 | D        | Reached XP level 5. HP: 24/24 MP: 14/16
   531 | D        | Reached XP level 6. HP: 28/28 MP: 14/17
   542 | D        | Found a shimmering blue altar of Sif Muna.
   543 | D        | Found an ornate altar of the Wu Jian Council.
   544 | D        | Found a radiant altar of Vehumet.
   556 | D        | Reached skill level 14 in Stealth
   865 | D        | Found Jogeul's Gadget Emporium.
   865 | D        | Found an ancient bone altar of Kikubaaqudgha.
   865 | D        | Found a hazy altar of Hepliaklqana.
   865 | D        | Found a stormy altar of Qazlal.
   865 | D        | Found a hide-covered altar of Uskayaw.
   865 | D        | Found a blossoming altar of Fedhas.
   865 | D        | Found a bloodstained altar of Trog.
   865 | D        | Found an iron altar of Okawaru.
   865 | D        | Found a basalt altar of Yredelemnul.
   865 | D        | Found a glowing golden altar of the Shining One.
   865 | D        | Found a snail-covered altar of Cheibriados.
   865 | D        | Found a sacrificial altar of Ru.
   865 | D        | Found a glowing silver altar of Zin.
   865 | D        | Found a shadowy altar of Dithmenos.
   865 | D        | Found a white marble altar of Elyvilon.
   865 | D        | Noticed a yak
   866 | D        | Found an opulent altar of Gozag.
   867 | D        | Killed a yak
   868 | D        | Reached skill level 15 in Stealth
   868 | D        | Found a sparkling altar of Nemelex Xobeh.
   873 | D        | Became a worshipper of Gozag Ym Sagoz the Greedy
   882 | D        | Noticed Sonja
   886 | D        | Killed Sonja
   887 | D        | Reached skill level 17 in Stealth
   887 | D        | Reached skill level 10 in Spellcasting
   887 | D        | Reached skill level 10 in Hexes
   887 | D        | Reached XP level 7. HP: 32/32 MP: 20/22
   915 | D        | Found a burning altar of Makhleb.
   915 | D        | Found a shimmering altar of Xom.
   915 | D        | Noticed a slime creature
   916 | D        | Found a viscous altar of Jiyva.
   916 | D        | Found a corrupted altar of Lugonu.
   918 | D        | Killed a slime creature
   919 | D        | Reached skill level 18 in Stealth
   919 | D        | Reached XP level 8. HP: 36/36 MP: 24/24
   944 | D        | Noticed a centaur warrior
   944 | D        | Noticed a centaur warrior
   945 | D        | Killed a centaur warrior
   946 | D        | Reached skill level 20 in Stealth
   946 | D        | Killed a centaur warrior
   947 | D        | Reached skill level 21 in Stealth
   947 | D        | Reached XP level 9. HP: 39/39 MP: 24/26
   957 | D        | Paralysed by a hornet for 3 turns
   958 | D        | Mangled by a hornet

Illustrated notes

Levels and vault maps discovered:
D:        dungeon_sprint_1 [red_sonja_temple_1, red_sonja_temple_small_1]

Skill      XL: |  1  2  3  4  5  6  7  8 |
---------------+-------------------------+-----
Stealth        | 7 11 13 17 18 21 | 21.1
Spellcasting   | 4 6 7 10 11 12 | 12.7
Hexes          | 5 6 8 10 11 12 | 12.9
Short Blades   | |  1.1
Dodging        | |  3.0

Action                   |  1- 3 |  4- 6 |  7- 9 || total
-------------------------+-------+-------+-------++-------
Melee: Dagger            |     4 |     5 |     3 ||    12
 Cast: Ensorcelled Hiber |     2 |     1 |     2 ||     5
  Use: Potion            |     1 |       |       ||     1
       Scroll            |       |       |     1 ||     1
 Stab: Sleeping          |     2 |     4 |     3 ||     9
Armor: Robe              |       |       |     1 ||     1
Dodge: Dodged            |     2 |       |     1 ||     3
